 Seeded DCSS version 0.31-a0-229-g1fc7ce93e2 (webtiles) character file.

Game seed: 13937975146149139884 (custom seed)

460 innerfire43 the Trooper (level 6, -4/52 HPs)
             Began as a Demonspawn Monk on July 6, 2023.
             Was a Believer of Cheibriados.
             Slain by a sleepcap (18 damage)
             ... on level 4 of the Dungeon.
             The game lasted 00:02:13 (2476 turns).

innerfire43 the Trooper (Demonspawn Monk)           Turns: 2476, Time: 00:02:14

Health: -4/52      AC:  9    Str: 23    XL:     6   Next: 78%
Magic:  6/6        EV:  2    Int: 16    God:    Cheibriados [**....]
Gold:   170        SH:  0    Dex: 19    Spells: 5/5 levels left

rFire   . . .        x - +0 trident (protect)
rCold   . . .        d - orb {light}
rNeg    . . .        b - +0 robe
rPois   .            (no helmet)
rElec   .            (no cloak)
rCorr   .            (no gloves)
SInv    .            (no boots)
Will    .....        l - amulet of reflection
Stlth   +            j - +6 ring of strength
HPRegen 0.28/turn    (no ring)
MPRegen 0.10/turn

%: reflection
@: sleeping, under a protective aura, glowing, very slow
A: weakness stinger 1
a: Renounce Religion, Bend Time


You were on level 4 of the Dungeon.
You worshipped Cheibriados.
Cheibriados was pleased with you.
You visited 1 branch of the dungeon, and saw 4 of its levels.

You collected 170 gold pieces.

Inventory:

Hand Weapons
 a - a +0 spear
 x - a +0 trident of protection (weapon)
Armour
 b - a +0 robe (worn)
 d - an orb of light (worn)
Jewellery
 j - a +6 ring of strength (left hand)
 l - an amulet of reflection (around neck)
 m - a ring of ice
Wands
 y - a wand of iceblast (11)
Scrolls
 h - 4 scrolls of identify {unknown}
 i - 2 scrolls of revelation {unknown}
 o - 2 scrolls of brand weapon {unknown}
 p - a scroll of torment {unknown}
 q - a scroll of blinking {unknown}
 r - 4 scrolls of amnesia {unknown}
 s - a scroll of poison {unknown}
 u - 3 scrolls of noise {unknown}
 w - a scroll of butterflies {unknown}
Potions
 c - a potion of ambrosia
 e - 2 potions of heal wounds {unknown}
 f - a potion of attraction {unknown}
 g - 2 potions of brilliance {unknown}
 k - a potion of magic {unknown}
 n - 2 potions of resistance {unknown}
 t - a potion of curing {unknown}
 v - a potion of might {unknown}
 z - 2 potions of haste {unknown}
 A - a potion of mutation {unknown}


   Skills:
 * Level 5.7 Fighting
 + Level 4.2 Polearms
 + Level 4.2 Dodging


You had 5 spell levels left.
You didn't know any spells.
Your spell library contained the following spells:

 Spells                   Type           Power      Damage    Failure   Level
 Sandblast                Erth           0%         2d4       26%         1
 Passwall                 Tmut/Erth      0%         N/A       36%         2
 Stone Arrow              Conj/Erth      0%         3d7       58%         3


Dungeon Overview and Level Annotations

Branches:
Dungeon (4/15)             Temple (0/1) D:4

Altars:
Cheibriados
Dithmenos
Uskayaw


Innate Abilities, Weirdness & Mutations

You have a small tail.


Message History

The ogre closely misses you.
You puncture the ogre!
You kill the ogre!
Cheibriados appreciates the change of pace.
Your Polearms skill increases to level 4!
Your Dodging skill increases to level 4!
You have reached level 6!
Things that are here:
a +0 giant club; an ogre corpse Unknown command.
You reach to attack!
You barely miss Menkaure.
A sleepcap comes into view.
You puncture Menkaure!
Menkaure is moderately damaged.
Menkaure points at you and mumbles some strange words.
Pain shoots through your body!
You hit Menkaure but do no damage.
Menkaure is moderately damaged.
You hit Menkaure.
Menkaure is heavily damaged.
Menkaure mumbles some strange words.
Menkaure seems to speed up.
You puncture Menkaure! You tail-slap Menkaure.
Menkaure is almost destroyed.
Menkaure calls on the powers of darkness!
Your body is wracked with pain!
Menkaure barely misses you.
You are too injured to fight recklessly!
You hit Menkaure.
You destroy Menkaure!
Cheibriados appreciates the change of pace.
You puncture the sleepcap!
You tail-slap the sleepcap, but do no damage.
The sleepcap is moderately damaged.
The sleepcap releases spores at you.
* * * LOW HITPOINT WARNING * * *
You are engulfed in a cloud of soporific spores!
You fall asleep.
The sleepcap releases spores at you but does no damage.
The sleepcap releases spores at you!!
You die...

#.. ##.#. ....... ....
.....) ....... ...#
...≈≈≈ ....... ....
#.≈≈≈ .......
##.....###.≈≈⌠
.......####..#.......≈≈_
.........#...##......≈≈≈
#..f.......#......≈≈≈
#...@................
##..............###.#
#...............##.#
#..................#
#.....##.##.......###
##....######.......#
###.## ##....### #.#
#....# ## ###.##


You could see a sleepcap.

Vanquished Creatures
  Menkaure (D:4)
  An ogre (D:4)
  A centaur (D:3)
  An orc priest (D:4)
  An orc wizard (D:4)
  An adder (D:2)
  4 worms
  3 dart slugs
  10 orcs
  11 bats
  7 endoplasms
  5 giant cockroaches
  5 hobgoblins
  3 quokkas (D:2)
  10 ball pythons
  5 frilled lizards
  5 goblins
  5 kobolds
  8 rats
87 creatures vanquished.

Notes
Turn   | Place    | Note
-------+----------+-------------------------------------------
     0 | D:1      | innerfire43 the Demonspawn Monk began the quest for the
                  | Orb.
     0 | D:1      | Reached XP level 1. HP: 18/18 MP: 1/1
     7 | D:1      | You fall into a shaft and drop 1 floor!
   137 | D:2      | Gained mutation: You have a small tail. [demonic ancestry]
   137 | D:2      | Reached XP level 2. HP: 14/24 MP: 2/2
   499 | D:1      | Reached XP level 3. HP: 25/29 MP: 3/3
   624 | D:1      | Found a faded altar of an unknown god.
  1162 | D:2      | Reached XP level 4. HP: 37/37 MP: 4/4
  1393 | D:3      | Reached skill level 4 in Fighting
  1532 | D:3      | Noticed a centaur
  1537 | D:3      | Killed a centaur
  1538 | D:3      | Reached XP level 5. HP: 32/43 MP: 5/5
  1844 | D:3      | Found a snail-covered altar of Cheibriados.
  1846 | D:3      | Found a shadowy altar of Dithmenos.
  1861 | D:3      | Became a worshipper of Cheibriados the Contemplative
  1861 | D:3      | Reached * piety under Cheibriados
  1861 | D:3      | Reached ** piety under Cheibriados
  2151 | D:4      | Reached skill level 5 in Fighting
  2315 | D:4      | Found a hide-covered altar of Uskayaw.
  2398 | D:4      | Found a staircase to the Ecumenical Temple.
  2459 | D:4      | Noticed an ogre
  2463 | D:4      | Noticed Menkaure
  2466 | D:4      | Killed an ogre
  2467 | D:4      | Reached XP level 6. HP: 38/51 MP: 6/6
  2473 | D:4      | Killed Menkaure
  2476 | D:4      | Slain by a sleepcap

Illustrated notes

Levels and vault maps discovered:
D:1:      sevenhm_arrival_forest_fort_small_6, layout_rooms,
          hellmonk_ecumenical_altar_blasted
D:2:      kennysheep_big_flooded_room, layout_basic, minmay_circle_x
D:3:      layout_loops_ring, grunt_temple_overflow_open,
          hangedman_abyss_or_decor_lesser_grid
D:4:      layout_cave_pools, general_overflow_altar,
          minmay_temple_entry_nine_rooms, minmay_misc_feat_nine_boxes,
          uniq_menkaure

Skill      XL: |  1  2  3  4  5 |
---------------+----------------+-----
Polearms       | 3 4 |  4.2
Dodging        | 3 4 |  4.2
Fighting       | 4 5 |  5.7

Action                     |  1- 3 |  4- 6 || total
---------------------------+-------+-------++-------
  Melee: Spear             |   119 |    43 ||   162
         Tailslap          |    10 |     6 ||    16
         Trident           |       |    55 ||    55
 Armour: Robe              |     8 |    12 ||    20
  Dodge: Dodged            |    44 |    29 ||    73
  Block: Orb               |     5 |     6 ||    11
         Reflection        |       |     2 ||     2

Table legend: (Time is in decaauts)
 A = Elapsed time spent in this place.
 B = Non-inter-level travel time spent in this place.
 C = Inter-level travel time spent in this place.
 D = Time resting spent in this place.
 E = Time spent auto-exploring this place.
 F = Levels seen in this place.
 G = Mean time per level.
                   A        B        C        D        E       F      G
               +--------+--------+--------+--------+--------+-----+--------+
         Total |   2715 |   2554 |    161 |      0 |   2094 |   4 |  678.8 |
       Dungeon |   2715 |   2554 |    161 |      0 |   2094 |   4 |  678.8 |
               +--------+--------+--------+--------+--------+-----+--------+

Top non-repeatable levels by time:
     D:3: 869 daAuts
     D:2: 866 daAuts
     D:4: 558 daAuts
     D:1: 420 daAuts
